 Dungeon Crawl Stone Soup version 0.29-a0-1006-g0dd7720b37 (webtiles) character file.

Game seed: 15484486020387388801

741 Zonian the Grave Robber (level 7, -3/46 HPs)
             Began as a Demonspawn Necromancer on Aug 7, 2022.
             Shot with a sling bullet by Joseph (15 damage)
             ... on level 7 of the Dungeon.
             The game lasted 00:13:21 (5985 turns).

Zonian the Grave Robber (Demonspawn Necromancer)    Turns: 5985, Time: 00:13:21

Health: -3/46      AC:  3    Str:  8    XL:     7   Next: 47%
Magic:  13/13      EV: 18    Int: 17    God:
Gold:   176        SH:  4    Dex: 21    Spells: 6/14 levels left

rFire   . . .      SeeInvis .   q - +5 dagger of Severance {venom, rElec}
rCold   . . .      Faith    .   (no shield)
rNeg    . . .      Spirit   .   a - +0 robe
rPois   .          Reflect  .   (no helmet)
rElec   +          Harm     .   (no cloak)
rCorr   .          Rampage  .   (no gloves)
Will    .....                   u - +0 pair of boots
Stlth   +++.......              (no amulet)
HPRegen 0.15/turn               w - +4 ring of evasion
MPRegen 0.13/turn               n - +6 ring of dexterity

@: no status effects
A: hooves 1, large bone plates 1, foul stench 1
a: no special abilities


You were on level 7 of the Dungeon.
You visited 1 branch of the dungeon, and saw 7 of its levels.

You collected 270 gold pieces.
You spent 94 gold pieces at shops.

Inventory:

Hand Weapons
 b - a +0 dagger
 d - a +0 short sword
 k - a +0 war axe
 m - a +1 vampiric trident
 p - a +0 short sword of venom
 q - the +5 dagger of Severance (weapon) {venom, rElec}
   (You found it on level 2 of the Dungeon)

   It poisons the flesh of those it strikes.
   rElec:     It insulates you from electricity.
 v - a +0 sling
 y - a +4 sling of freezing
Missiles
 e - 11 poisoned darts
Armour
 a - a +0 robe (worn)
 u - a +0 pair of boots (worn)
 D - an orb of wrath
Magical Staves
 t - a staff of death
Jewellery
 g - a +6 ring of intelligence
 n - a +6 ring of dexterity (right hand)
 w - a +4 ring of evasion (left hand)
 x - an amulet of magic regeneration
Wands
 B - a wand of polymorph (9)
Scrolls
 c - 2 scrolls of teleportation
 s - 3 scrolls of enchant armour
 E - a scroll of fear
 F - a scroll of noise
Potions
 h - 2 potions of curing
 i - 2 potions of lignification
 j - 2 potions of haste
 l - a potion of attraction
 o - 2 potions of heal wounds
 z - 2 potions of mutation
 A - a potion of magic


   Skills:
 + Level 4.1 Dodging
 + Level 4.4 Stealth
 + Level 4.2 Spellcasting
 + Level 6.3 Necromancy


You had 6 spell levels left.
You knew the following spells:

 Your Spells              Type           Power      Damage    Failure   Level
a - Necrotise             Necr           100%       1d9       1%          1
b - Vampiric Draining     Necr           25%        2d7       3%          3
c - Animate Dead          Necr           25%        N/A       12%         4

Your spell library contained the following spells:

 Spells                   Type           Power      Damage    Failure   Level
 Agony                    Necr           25%        N/A       32%         5
 Ozocubu's Armour         Ice            3%         N/A       43%         3
 Ozocubu's Refrigeration  Ice            1%         4d7       100%        7


Dungeon Overview and Level Annotations

Branches:
Dungeon (8/15)
 Temple: D:4-7         Lair: D:8-11

Altars:
Qazlal
Xom

Shops:
D:5 (

Annotations:
D:7 Joseph


Innate Abilities, Weirdness & Mutations

You have large cloven feet.
You are partially covered in large bone plates. (SH +4)
You may rarely emit foul miasma when damaged in melee.


Message History

Orders for allies: a - Attack new target. p - Attack previous target. r - Retreat! s - Stop attacking. g - Guard the area. f - Follow me.
Anything else - Cancel.
Gang up on whom?
Press: ? - help, Dir - move target, f/p - Joseph
Aim: Joseph, wielding a +0 sling and wearing a +0 leather armour (ally target) Attack!
The hound bites your gnoll but does no damage.
Joseph shoots a sling bullet.
The sling bullet hits your orc.
Your gnoll completely misses Joseph.
Your gnoll hits the hound with a +0 club.
The hound bites your gnoll.
You hear a shout!
Unknown command.
The hound bites your gnoll but does no damage.
Your hornet stings the hound.
The hound seems to slow down.
Your gnoll hits the hound with a +0 club.
Your gnoll sergeant closely misses Joseph.
Your gnoll hits Joseph from afar with a +0 spear.
Your orc closely misses Joseph.
Unknown command.
The hound is no longer moving slowly.
Your hornet stings the hound.
The hound is poisoned.
The hound seems to slow down.
Joseph unwields a +0 sling.
Joseph wields a +0 quarterstaff.
Joseph hits your gnoll sergeant with a +0 quarterstaff!
The hound barely misses your hornet.
Your gnoll hits Joseph but does no damage.
Your gnoll barely misses Joseph.
Your gnoll hits the hound with a +0 club.
The hound dies!
Your gnoll sergeant hits Joseph with a +0 spear.
Your jelly closely misses Joseph.
Your orc hits Joseph but does no damage.
Unknown command.
Joseph unwields a +0 quarterstaff.
Joseph wields a +0 sling.
Joseph shoots a sling bullet.
The sling bullet barely misses your gnoll sergeant.
The sling bullet hits you!
You die...

#. .# #.# .. #. ..##.. .#
#. ...#..###.# ##### #.
......... ##...## #.
#.gJ...# ##.....####.
..#.@g$..######.8...8.#...
...oyg...#................
...g.....@........⌠.......
..#......#..............##
#......######.8...8.#.#
#.......# ##...).##.#
######### ##...###)#
###[....# #######


You could see Joseph (ally target), a friendly hornet (summoned), a friendly
gnoll sergeant (summoned), a friendly jelly (summoned), 3 friendly gnolls and a
friendly orc (summoned).

Vanquished Creatures
  Sigmund (D:4)
  An ice beast (D:5)
  A necrophage (D:5)
  A scorpion (D:5)
  3 hounds
  Jessica (D:3)
  Ijyb (D:5)
  An orc wizard (D:4)
  3 gnolls (D:5)
  4 adders
  A worm (D:2)
  6 orcs
  8 ball pythons
  9 endoplasms
  3 giant cockroaches
  13 goblins
  12 hobgoblins
  2 jackals (D:3)
  6 kobolds
  7 quokkas
  5 bats
  8 frilled lizards
  16 rats
113 creatures vanquished.

Vanquished Creatures (collateral kills)
  A hound (D:7)
  An adder (D:2)
  2 kobolds (D:1)
  A rat (D:1)
5 creatures vanquished.

Vanquished Creatures (others)
  4 fungi (D:5)
4 creatures vanquished.

Grand Total: 122 creatures vanquished

Notes
Turn   | Place    | Note
-------+----------+-------------------------------------------
     0 | D:1      | Zonian the Demonspawn Necromancer began the quest for the
                  | Orb.
     0 | D:1      | Reached XP level 1. HP: 13/13 MP: 3/3
   631 | D:1      | Gained mutation: You may rarely emit foul miasma when
                  | damaged in melee. [demonic ancestry]
   631 | D:1      | Reached XP level 2. HP: 14/19 MP: 3/5
  1187 | D:1      | Reached XP level 3. HP: 21/24 MP: 4/6
  1273 | D:1      | Found a faded altar of an unknown god.
  1933 | D:2      | Learned a level 3 spell: Vampiric Draining
  2465 | D:2      | Gained mutation: You have large cloven feet. [demonic
                  | ancestry]
  2465 | D:2      | Reached XP level 4. HP: 15/30 MP: 2/8
  2478 | D:2      | Identified the +5 dagger of Severance {venom, rElec}
  2882 | D:2      | Reached skill level 5 in Necromancy
  3168 | D:3      | Noticed Jessica
  3173 | D:3      | Killed Jessica
  3174 | D:3      | Gained mutation: You are partially covered in large bone
                  | plates. (SH +4) [demonic ancestry]
  3174 | D:3      | Reached XP level 5. HP: 29/35 MP: 9/9
  4292 | D:4      | Found a stormy altar of Qazlal.
  4705 | D:4      | Found a shimmering altar of Xom.
  4788 | D:4      | Noticed Sigmund
  5139 | D:4      | Killed Sigmund
  5140 | D:4      | Reached XP level 6. HP: 31/41 MP: 9/11
  5405 | D:4      | Learned a level 4 spell: Animate Dead
  5428 | D:5      | Entered Level 5 of the Dungeon
  5430 | D:5      | Found Degit's Antique Weapon Boutique.
  5443 | D:5      | Bought a runed sling for 94 gold pieces
  5498 | D:5      | Noticed an ice beast
  5506 | D:5      | Killed an ice beast
  5507 | D:5      | Reached skill level 6 in Necromancy
  5507 | D:5      | Reached XP level 7. HP: 46/46 MP: 12/12
  5874 | D:5      | Noticed Ijyb
  5886 | D:5      | Killed Ijyb
  5915 | D:5      | You fall into a shaft and drop 3 floors!
  5932 | D:7      | Noticed a two-headed ogre
  5974 | D:7      | Noticed Joseph
  5985 | D:7      | Shot with a sling bullet by Joseph

Illustrated notes

Levels and vault maps discovered:
D:1:      dpeg_cavernosity, layout_basic, shapermc_ecumenical_altar_venn,
          minmay_rat_gold_closets
D:2:      layout_basic, minmay_circle_x
D:3:      layout_basic, grunt_decor_cap, uniq_jessica
D:4:      layout_gridville, kennysheep_mini, tgw_xom, serial_co_window_serial,
          co_window_paths_b, co_window_paths_b, co_window_paths_a,
          co_window_of_opportunity_a, co_window_paths_a, co_window_2corner,
          co_window_corner_b, co_window_paths_c, co_window_2corner,
          co_window_broadway_a, co_window_paths_e, glass_columns_b,
          glass_columns_a, glass_columns_c, glass_columns_c, uniq_sigmund
D:5:      layout_basic, jmf_multi_god_temple2, serial_shops,
          nicolae_shop_crystal, dreamdust_gnoll_farm, uniq_eustachio,
          uniq_pikel, uniq_ijyb
D:7:      layout_rooms, mainiacjoe_overflow_surrounded_room,
          mainiacjoe_overflow_six_doors_small, mainiacjoe_overflow_paths,
          lemuel_coloured_pillars_altar, minmay_temple_entry_nine_rooms,
          wad_floor_pattern_untrapped, st_stairs_5, grunt_ministairs_9,
          minmay_crystal_water, uniq_joseph
D:8:      layout_basic

Skill      XL: |  1  2  3  4  5  6  7 |
---------------+----------------------+-----
Stealth        | 2 3 4 |  4.4
Dodging        | 2 3 4 |  4.1
Necromancy     | 5 6 |  6.3
Spellcasting   | 3 4 |  4.2

Action                   |  1- 3 |  4- 6 |  7- 9 || total
-------------------------+-------+-------+-------++-------
Melee: Unarmed           |    20 |       |     6 ||    26
       Dagger            |    55 |    92 |    15 ||   162
       Kick              |       |     4 |       ||     4
 Cast: Necrotise         |    61 |    15 |       ||    76
Evoke: Wand              |       |       |     2 ||     2
  Use: Potion            |     2 |       |       ||     2
       Scroll            |       |    14 |     2 ||    16
 Stab: Sleeping          |     6 |    11 |     1 ||    18
Armor: Robe              |    33 |    15 |       ||    48
Dodge: Dodged            |    82 |    55 |    25 ||   162
Block: Other             |       |     5 |     1 ||     6

Table legend: (Time is in decaauts)
 A = Elapsed time spent in this place.
 B = Non-inter-level travel time spent in this place.
 C = Inter-level travel time spent in this place.
 D = Time resting spent in this place.
 E = Time spent auto-exploring this place.
 F = Levels seen in this place.
 G = Mean time per level.
                   A        B        C        D        E       F      G
               +--------+--------+--------+--------+--------+-----+--------+
         Total |   6023 |   5910 |    113 |   1304 |   3492 |   7 |  860.4 |
       Dungeon |   6023 |   5910 |    113 |   1304 |   3492 |   7 |  860.4 |
               +--------+--------+--------+--------+--------+-----+--------+

Top non-repeatable levels by time:
     D:1: 1922 daAuts
     D:4: 1505 daAuts
     D:2: 1105 daAuts
     D:3: 935 daAuts
     D:5: 485 daAuts
     D:7: 62 daAuts
     D:8: 6 daAuts
